 Dungeon Crawl Stone Soup version 0.28.0-53-g5a82cb258f (webtiles) character file.

Game seed: 8506989161949373703

77784 funkygono the Fencer (level 15, -16/139 HPs)
             Began as a Minotaur Fighter on June 30, 2022.
             Was a High Priest of Okawaru.
             Killed from afar by a black draconian knight (25 damage)
             ... with a bolt of lightning
             ... on level 2 of the Abyss on July 1, 2022.
             The game lasted 00:55:21 (25181 turns).

funkygono the Fencer (Minotaur Fighter)            Turns: 25181, Time: 00:55:21

Health: -16/139    AC: 41    Str: 37    XL:     15   Next: 16%
Magic:  0/14       EV: 11    Int:  5    God:    Okawaru [*****.]
Gold:   1839       SH: 19    Dex: 13    Spells: 14/14 levels left

rFire   . . .      SeeInvis .   Q - +4 scimitar (flame)
rCold   . . .      Faith    .   d - +2 buckler of the Illusory Eyes {Fly Str+5}
rNeg    . . .      Spirit   +   b - +5 crystal plate armour
rPois   .          Reflect  .   (helmet restricted)
rElec   .          Harm     .   K - +1 cloak
rCorr   .          Rampage  .   x - +1 pair of gloves
Will    +....                   f - +2 pair of boots of Anaesthesia {Str+5}
Stlth   ..........              N - brooch of Shielding {Spirit SH+8}
HPRegen 0.33/turn               s - ring of wizardry
MPRegen 0.14/turn               H - +6 ring of dexterity

@: heroic, finesse-ful, flying
A: horns 2, retaliatory headbutt, [clumsy 2], [low MP 2]
a: Renounce Religion, Heroism, Finesse, Duel


You were on level 2 of the Abyss.
You worshipped Okawaru.
Okawaru was extremely pleased with you.
You visited 4 branches of the dungeon, and saw 21 of its levels.
You visited the Abyss 1 time.
You also visited: Ossuary and Bailey.

You collected 1839 gold pieces.

Inventory:

Hand Weapons
 z - a +2 great sword of holy wrath
 Q - a +4 scimitar of flaming (weapon)
 W - the +2 scimitar of Currency {elec, Stlth+}
   (You found it in a bailey)

   It occasionally discharges a powerful burst of electricity upon striking a
   foe.
   Stlth:     It makes you more stealthy.
Missiles
 g - 5 silver javelins
 i - 180 bolts
 l - 40 poisoned darts (quivered)
 w - 17 javelins
 I - 3 boomerangs of dispersal
 U - 7 curare-tipped darts
Armour
 b - a +5 crystal plate armour (worn)
 d - the +2 buckler of the Illusory Eyes (worn) {Fly Str+5}
   (Okawaru gifted it to you on level 3 of the Lair of Beasts)

   Str:       It affects your strength (+5).
   Fly:       It grants you flight.
 f - the +2 pair of boots of Anaesthesia (worn) {Str+5}
   (You acquired it on level 4 of the Dungeon)

   Str:       It affects your strength (+5).
 u - the +1 gold dragon scales of Loel Gai {rElec rPois rF+ rC+ Regen+ Int+5}
   (Okawaru gifted it to you on level 2 of the Orcish Mines)

   Int:       It affects your intelligence (+5).
   rF:        It protects you from fire.
   rC:        It protects you from cold.
   rElec:     It insulates you from electricity.
   rPois:     It protects you from poison.
   Regen:     It increases your rate of health regeneration.
 x - a +1 pair of gloves (worn)
 K - a +1 cloak (worn)
Jewellery
 s - a ring of wizardry (left hand)
 v - the ring "Yclausch" {rCorr Int+6}
   (You found it on level 2 of the Lair of Beasts)

   [ring of intelligence]

   Int:       It affects your intelligence (+6).
   rCorr:     It protects you from acid and corrosion.
 D - an amulet of reflection
 G - a ring of resist corrosion
 H - a +6 ring of dexterity (right hand)
 N - the brooch of Shielding (around neck) {Spirit SH+8}
   (You found it on level 7 of the Dungeon)

   [amulet of guardian spirit]

   It causes incoming damage to be divided between your reserves of health and
   magic.
   SH:        It affects your SH (+8).
Wands
 o - a wand of acid (3)
 y - a wand of paralysis (2)
 C - a wand of flame (29)
 J - a wand of iceblast (10)
 M - a wand of mindburst (7)
Scrolls
 c - a scroll of fog
 q - 6 scrolls of amnesia
 r - 5 scrolls of teleportation
 t - 4 scrolls of blinking
 A - 2 scrolls of identify
 F - 3 scrolls of fear
Potions
 e - 2 potions of invisibility
 h - 4 potions of resistance
 j - 6 potions of brilliance
 k - 6 potions of mutation
 m - 5 potions of haste
 n - 3 potions of curing
 p - a potion of berserk rage
 E - a potion of cancellation
Miscellaneous
 a - a condenser vane (inert)
 L - a condenser vane (inert)


   Skills:
 + Level 14.4(19.4) Fighting
 + Level 17.1(22.1) Long Blades
 + Level 2.8(7.8) Throwing
 + Level 15.2(20.2) Armour
 + Level 4.2(9.2) Dodging
 + Level 1.4(6.4) Stealth
 + Level 16.3(21.3) Shields
 + Level 6.0 Invocations
 + Level 2.5 Evocations


You had 14 spell levels left.
You didn't know any spells.
Your spell library contained the following spells:

 Spells                   Type           Power      Damage    Failure   Level
 Pain                     Necr           0%         1d4       80%         1
 Blink                    Tloc           0%         N/A       89%         2
 Corpse Rot               Necr/Air       0%         N/A       89%         2
 Ensorcelled Hibernation  Hex/Ice        0%         N/A       89%         2
 Passwall                 Tmut/Erth      0%         N/A       89%         2
 Dazzling Flash           Conj/Hex       0%         N/A       98%         3
 Ignite Poison            Fire/Tmut/Pois 0%         N/A       98%         3
 Lesser Beckoning         Tloc           0%         N/A       98%         3
 Mephitic Cloud           Conj/Pois/Air  0%         N/A       98%         3
 Swiftness                Air            0%         N/A       98%         3
 Dispel Undead            Necr           0%         3d6       100%        4
 Iskenderun's Mystic Bla  Conj/Tloc      0%         2d3       100%        4
 Agony                    Necr           0%         N/A       100%        5
 Blade Hands              Tmut           0%         N/A       100%        5
 Excruciating Wounds      Necr           0%         N/A       100%        5
 Freezing Cloud           Conj/Ice/Air   0%         6-21      100%        5
 Irradiate                Conj/Tmut      0%         3d13      100%        5
 Manifold Assault         Tloc           0%         N/A       100%        5
 Iron Shot                Conj/Erth      0%         9d1       100%        6
 Starburst                Conj/Fire      0%         6d3       100%        6
 Dragon Form              Tmut           0%         N/A       100%        7
 Chain Lightning          Conj/Air       0%         N/A       100%        9
 Fire Storm               Conj/Fire      0%         5d1       100%        9
 Shatter                  Erth           0%         3d5*      100%        9
 Animate Armour           Summ/Erth      Unusable   N/A       N/A         4
 Death Channel            Necr           Unusable   N/A       N/A         6

Dungeon Overview and Level Annotations

Branches:
Dungeon (14/15) Temple (1/1) D:6 Lair (4/6) D:11 Swamp (0/4) Lair:2 Snake (0/4) Lair:2 Orc (2/2) D:10 Elf (0/3) Orc:2 Vaults (0/5) D:13 D:14 Ossuary (visited) Bailey (visited)

Altars:
Ashenzari
Cheibriados
Dithmenos
Elyvilon
Fedhas
Gozag
Hepliaklqana
Kikubaaqudgha
Makhleb
Nemelex Xobeh
Okawaru
Qazlal
Ru
Sif Muna
Trog
Uskayaw
Vehumet
Wu Jian
Xom
Yredelemnul
Zin
The Shining One
Beogh

Shops:
D:5 ?   Orc:2 [*=

Annotations:
Lair:1 1 runed translucent door, Legadrian's ghost, journeyman HuBe


Innate Abilities, Weirdness & Mutations

You have a pair of horns on your head.
You reflexively headbutt those who attack you in melee.
[You are very clumsy. (Dex -4)]
[Your magical capacity is very low. (-20% MP)]


Message History

The black draconian knight breathes lightning at you.
The bolt of lightning hits you!!
You slash the black draconian knight! You burn the black draconian knight.
The black draconian knight is heavily wounded.
The black draconian knight barely misses you.
Unknown command.
You can now deal lightning-fast blows.
You block the ufetubus's attack. The ufetubus closely misses you.
The black draconian knight hits you with a +1 war axe of freezing.
The black draconian knight freezes you.
You gain the combat prowess of a mighty hero.
You block the ufetubus's attack.
The ufetubus hits you but does no damage.
A starcursed mass splits.
The black draconian knight casts a spell at you.
The bolt of cold hits you!!!
* * * LOW HITPOINT WARNING * * *
You block the ufetubus's attack.
The ufetubus hits you but does no damage.
You hit the black draconian knight but do no damage.
The black draconian knight is heavily wounded.
You hit the black draconian knight. You burn the black draconian knight.
The black draconian knight is heavily wounded.
You block the ufetubus's attack. The ufetubus closely misses you.
The black draconian knight mumbles some strange words.
The black draconian knight seems to speed up.
You slash the black draconian knight! You burn the black draconian knight.
Your headbutt misses the black draconian knight.
The black draconian knight is severely wounded.
You barely miss the black draconian knight.
The black draconian knight is severely wounded.
You block the black draconian knight's attack.
The ufetubus closely misses you. x2; A starcursed mass splits.
You closely miss the black draconian knight.
The black draconian knight is heavily wounded.
Unknown command.
You miss the ufetubus.
The black draconian knight breathes lightning at you.
The bolt of lightning hits you!!
You die...

.#.# .# ..#..
#..# .... .. .
#...##...# ..
##X... .###
..#
#XX.......# ..
#X##....#.##
## #.##qX...#
#. ..... #5@#.
##.# . . #
.#...##..#.#..
.#.## .. #..≈≈
...≈≈≈≈...# #
# #.## #
..≈≈≈≈≈# #.
..# # q
≈≈≈≈♣≈≈.## #
.≈≈#...#
≈≈.≈### ≈≈≈≈≈


You could see 5 starcursed masses, a black draconian knight (fast, catching
breath) and an ufetubus.

Vanquished Creatures
  Jorgrun (D:13)
  Rupert (D:13)
  Frances (D:13)
  2 orc warlords (Orc:2)
  A stone giant (Orc:1)
  The ghost of Legadrian the Fighter, a journeyman MiBe of Trog (Lair:2)
  7 hydras
  3 boulder beetles
  Erica (D:8)
  2 centaur warriors (D:14)
  12 two-headed ogres
  3 death yaks (Lair:3)
  4 hell hogs (Abyss:2)
  5 orc high priests
  Nergalle (Orc:2)
  Urug (D:11)
  A wretched star (Abyss:2)
  2 bog bodies (Lair:2)
  8 orc knights
  2 large abominations (Abyss:2)
  An ugly thing (D:13)
  The ghost of xtzero the Cleaver, a novice HOFi of Gozag (D:6)
  An orc sorcerer (Orc:2)
  A wolf spider (D:11)
  A deep elf pyromancer (D:13)
  3 cyclopes
  5 elephants (Lair:3)
  A worldbinder (Abyss:2)
  2 manticores (D:11)
  A human skeleton (Abyss:2)
  3 black mambas
  A torpor snail (Lair:3)
  A gargoyle (D:13)
  Joseph (D:10)
  10 cane toads
  A rime drake (Lair:4)
  An efreet (D:13)
  An unseen horror (D:13)
  2 kobold demonologists
  A rime drake (shapeshifter) (D:13)
  6 komodo dragons
  A tyrant leech (Abyss:2)
  A polar bear (Lair:3)
  8 trolls
  A hornet (D:9)
  2 slime creatures
  19 blink frogs
  6 flying skulls (Abyss:2)
  2 dream sheep (Lair:3)
  4 wraiths
  31 yaks
  6 wyverns
  A shadow (D:11)
  7 basilisks
  Grum (D:10)
  A neqoxec (Abyss:2)
  16 humans (D:13)
  4 steam dragons
  16 vampire mosquitoes
  5 wargs
  4 nagas (Lair:2)
  An acid dragon (D:9)
  5 water moccasins
  39 orc warriors
  A black bear (D:6)
  2 sky beasts
  5 ogres
  2 necrophages
  20 wolves
  3 ice beasts (D:6)
  11 centaurs
  An elf zombie (Ossuary)
  4 kobold brigands
  13 bullfrogs
  Blork the orc (Orc:2)
  A gnoll sergeant (Orc:2)
  A scorpion (D:6)
  A hornet simulacrum (D:6)
  A water moccasin skeleton (D:7)
  2 small abominations (Abyss:2)
  15 killer bees
  4 howler monkeys
  4 jellies
  10 electric eels
  8 centaur zombies
  18 orc priests
  3 hounds
  A bullfrog skeleton (D:6)
  A gnoll shaman (D:6)
  4 iguanas
  Ijyb (D:4)
  Natasha (thrice) (D:4)
  6 hell rats (Lair:4)
  23 orc wizards
  4 killer bee zombies
  A centaur simulacrum (D:6)
  A hound skeleton (D:4)
  2 mummies (Ossuary)
  A howler monkey zombie (D:9)
  4 adders
  15 gnolls
  A shadow imp (D:7)
  3 white imps (D:6)
  3 ufetubi
  An adder zombie (Ossuary)
  An adder skeleton (D:4)
  A worm (D:2)
  2 dart slugs
  88 orcs
  4 ball pythons
  An endoplasm (D:3)
  2 giant cockroaches (D:2)
  17 goblins
  9 hobgoblins
  3 jackals (D:1)
  6 quokkas
  4 bats
  3 frilled lizards
  A goblin zombie (Ossuary)
  15 hobgoblin zombies (Ossuary)
  A jackal zombie (Ossuary)
  18 kobolds
  11 kobold zombies (Ossuary)
  2 orc zombies (Ossuary)
  7 rats
  4 rat zombies (Ossuary)
  A lurking horror (Abyss:2)
692 creatures vanquished.

Vanquished Creatures (others)
  Maurice (D:8)
  A raiju (Abyss:2)
  4 fungi
  A plant (Lair:2)
  2 withered plants (Lair:1)
9 creatures vanquished.

Grand Total: 701 creatures vanquished

Notes
Turn   | Place    | Note
-------+----------+-------------------------------------------
     0 | D:1      | funkygono the Minotaur Fighter began the quest for the Orb.
     0 | D:1      | Reached XP level 1. HP: 19/19 MP: 0/0
   332 | D:1      | Reached XP level 2. HP: 27/27 MP: 1/1
   406 | D:1      | Reached skill level 3 in Long Blades
   966 | D:2      | Found a faded altar of an unknown god.
  1056 | D:2      | Reached XP level 3. HP: 33/33 MP: 2/2
  2180 | D:3      | Reached XP level 4. HP: 35/40 MP: 3/3
  2488 | D:4      | Noticed a necrophage
  2493 | D:4      | Killed a necrophage
  2494 | D:4      | Reached skill level 4 in Long Blades
  2494 | D:4      | Reached skill level 5 in Armour
  2494 | D:4      | Reached skill level 1 in Dodging
  2494 | D:4      | Reached XP level 5. HP: 41/46 MP: 4/4
  2704 | D:4      | Found a sand-covered staircase.
  2713 | Ossuary  | Entered an ossuary
  3144 | Ossuary  | Reached XP level 6. HP: 51/53 MP: 5/5
  3210 | Ossuary  | Reached skill level 5 in Long Blades
  3417 | D:4      | Reached skill level 5 in Fighting
  3568 | D:4      | Noticed Natasha
  3572 | D:4      | Killed Natasha
  3615 | D:4      | Noticed Natasha
  3621 | D:4      | Killed Natasha
  3725 | D:4      | Noticed Ijyb
  3731 | D:4      | Killed Ijyb
  3732 | D:4      | Reached skill level 6 in Long Blades
  3737 | D:4      | Reached XP level 7. HP: 56/61 MP: 6/6
  3848 | D:4      | Noticed Natasha
  3855 | D:4      | Killed Natasha
  4209 | D:4      | Identified a scroll of acquirement
  4209 | D:4      | Acquired the +2 pair of boots of Anaesthesia {Str+5}
  4248 | D:5      | Entered Level 5 of the Dungeon
  4380 | D:5      | Reached skill level 7 in Long Blades
  4838 | D:5      | Found Juzum's Magic Scroll Emporium.
  5221 | D:6      | Reached XP level 8. HP: 58/70 MP: 7/7
  5474 | D:6      | Reached skill level 8 in Long Blades
  5616 | D:6      | Found a runed translucent gate.
  5616 | D:6      | Found a runed translucent gate.
  5616 | D:6      | Found a runed translucent gate.
  5619 | D:6      | Noticed xtzero's ghost (novice HOFi)
  5639 | D:6      | Found a staircase to the Ecumenical Temple.
  5706 | Temple   | Entered the Ecumenical Temple
  5811 | Temple   | Became a worshipper of Warmaster Okawaru
  6555 | D:6      | Reached skill level 9 in Long Blades
  6839 | D:6      | Reached * piety under Okawaru
  6840 | D:6      | Reached XP level 9. HP: 50/78 MP: 8/8
  6844 | D:6      | Reached skill level 10 in Long Blades
  6899 | D:6      | Killed xtzero's ghost
  6899 | D:6      | Reached ** piety under Okawaru
  7581 | D:7      | Reached skill level 11 in Long Blades
  7781 | D:7      | Reached skill level 5 in Shields
  8011 | D:7      | Found a broken altar of Ashenzari.
  8366 | D:7      | Found the brooch of Shielding {Spirit SH+8}
  8660 | D:7      | Reached *** piety under Okawaru
  8661 | D:7      | Reached XP level 10. HP: 78/86 MP: 9/9
  8719 | D:8      | Noticed Maurice
  8752 | D:8      | Killed Maurice
  9013 | D:8      | Reached skill level 10 in Armour
  9420 | D:8      | Noticed Erica
  9428 | D:8      | Killed Erica
  9428 | D:8      | Reached **** piety under Okawaru
 10047 | D:9      | Reached skill level 12 in Long Blades
 10074 | D:9      | Found a flagged portal.
 10138 | Bailey   | Entered a bailey
 10200 | Bailey   | Reached skill level 1 in Throwing
 10213 | Bailey   | Noticed an orc knight
 10226 | Bailey   | Killed an orc knight
 10271 | Bailey   | Noticed an orc high priest
 10281 | Bailey   | Noticed a smoke demon
 10281 | Bailey   | Noticed a rust devil
 10284 | Bailey   | Killed an orc high priest
 10284 | Bailey   | Reached ***** piety under Okawaru
 10363 | Bailey   | Found an iron altar of Okawaru.
 10369 | Bailey   | Noticed a sun demon
 10379 | Bailey   | Reached XP level 11. HP: 75/95 MP: 7/10
 10477 | Bailey   | Identified the +5 demon whip "Zafateten" {pain, Str+6}
 10479 | Bailey   | Identified the +2 scimitar of Currency {elec, Stlth+}
 10578 | Bailey   | Noticed an orc knight
 10586 | Bailey   | Killed an orc knight
 10587 | Bailey   | Reached skill level 13 in Long Blades
 11228 | Bailey   | Identified the +1 robe of Agenixed {rPois rF+ rC+ Stlth+}
                  | (Okawaru gifted it to you in a bailey)
 11228 | Bailey   | Received a gift from Okawaru
 11706 | D:9      | Noticed a two-headed ogre
 11727 | D:9      | Killed a two-headed ogre
 12374 | D:9      | Acquired a +1 crystal plate armour
 12433 | D:10     | Entered Level 10 of the Dungeon
 12433 | D:10     | Noticed Grum
 12433 | D:10     | Noticed a two-headed ogre
 12590 | D:10     | Killed a two-headed ogre
 12708 | D:10     | Killed Grum
 12761 | D:10     | Noticed an orc knight
 12784 | D:10     | Killed an orc knight
 12823 | D:10     | Found a staircase to the Orcish Mines.
 13000 | D:10     | Noticed a two-headed ogre
 13006 | D:10     | Killed a two-headed ogre
 13007 | D:10     | Reached skill level 10 in Shields
 13059 | D:10     | Reached skill level 14 in Long Blades
 13200 | D:10     | Noticed Joseph
 13210 | D:10     | Killed Joseph
 13245 | D:10     | Noticed a two-headed ogre
 13251 | D:10     | Killed a two-headed ogre
 13251 | D:10     | Identified the +1 ring mail of the Hidden Vale {rF+ Str+6}
                  | (Okawaru gifted it to you on level 10 of the Dungeon)
 13251 | D:10     | Received a gift from Okawaru
 13252 | D:10     | Reached skill level 1 in Invocations
 13518 | D:11     | Reached skill level 10 in Fighting
 13518 | D:11     | Reached XP level 12. HP: 77/106 MP: 8/11
 13712 | D:11     | Noticed Urug
 13724 | D:11     | Killed Urug
 13894 | D:11     | Noticed a two-headed ogre
 13902 | D:11     | Killed a two-headed ogre
 14034 | D:11     | Noticed a two-headed ogre
 14049 | D:11     | Killed a two-headed ogre
 14154 | D:11     | Found a staircase to the Lair.
 14389 | D:11     | Noticed a four-headed hydra
 14395 | D:11     | Killed a one-headed hydra
 14630 | Lair:1   | Entered Level 1 of the Lair of Beasts
 14719 | Lair:1   | Noticed a seven-headed hydra
 14733 | Lair:1   | Killed a four-headed hydra
 14740 | Lair:1   | Reached skill level 15 in Long Blades
 14945 | Lair:1   | Found a runed translucent door.
 14948 | Lair:1   | Noticed Legadrian's ghost (journeyman HuBe)
 14974 | Lair:1   | Noticed a boulder beetle
 14992 | Lair:1   | Killed a boulder beetle
 15478 | Lair:1   | Received a gift from Okawaru
 15864 | Lair:2   | Found a staircase to the Swamp.
 15957 | Lair:2   | Found a staircase to the Snake Pit.
 15971 | Lair:2   | Reached XP level 13. HP: 105/116 MP: 11/14
 16224 | Lair:2   | You fall into a shaft and drop 1 floor!
 16356 | Lair:3   | Identified the +2 buckler of the Illusory Eyes {Fly Str+5}
                  | (Okawaru gifted it to you on level 3 of the Lair of Beasts)
 16356 | Lair:3   | Received a gift from Okawaru
 17779 | Lair:2   | Found a large runed translucent door.
 17779 | Lair:2   | Found a large runed translucent door.
 17783 | Lair:2   | Noticed Legadrian's ghost (journeyman MiBe)
 17801 | Lair:2   | Killed Legadrian's ghost
 17807 | Lair:2   | Identified the ring "Yclausch" {rCorr Int+6}
 18557 | Lair:4   | Received a gift from Okawaru
 18812 | Lair:4   | Reached skill level 16 in Long Blades
 19118 | Lair:4   | Reached skill level 1 in Evocations
 19555 | Orc:1    | Entered Level 1 of the Orcish Mines
 19810 | Orc:1    | Reached XP level 14. HP: 129/129 MP: 13/16
 20141 | Orc:1    | Noticed a stone giant
 20171 | Orc:1    | Found a transporter.
 20173 | Orc:1    | Found a transporter.
 20237 | Orc:2    | Entered Level 2 of the Orcish Mines
 20334 | Orc:2    | Received a gift from Okawaru
 20407 | Orc:2    | Noticed Nergalle
 20407 | Orc:2    | Noticed an orc warlord
 20431 | Orc:2    | Killed an orc warlord
 20446 | Orc:2    | Killed Nergalle
 20446 | Orc:2    | Identified the +1 gold dragon scales of Loel Gai {rElec
                  | rPois rF+ rC+ Regen+ Int+5} (Okawaru gifted it to you on
                  | level 2 of the Orcish Mines)
 20446 | Orc:2    | Received a gift from Okawaru
 20628 | Orc:2    | Noticed Blork the orc
 20658 | Orc:2    | Reached skill level 1 in Stealth
 20666 | Orc:2    | Reached skill level 5 in Invocations
 20669 | Orc:2    | Noticed an orc warlord
 20688 | Orc:2    | Killed an orc warlord
 20691 | Orc:2    | Killed Blork the orc
 20994 | Orc:2    | Found Imnonur's Antique Weapon Emporium.
 21385 | Orc:2    | Found Ruam's General Store.
 21400 | Orc:2    | Found Pokin's Jewellery Emporium.
 21438 | Orc:2    | Found a staircase to the Elven Halls.
 21509 | Orc:2    | Found Owuiraro's Antique Armour Emporium.
 21733 | Orc:1    | Reached skill level 15 in Shields
 21753 | Orc:1    | Killed a stone giant
 23426 | D:13     | Noticed Frances
 23450 | D:13     | Killed Frances
 23619 | D:13     | Noticed Rupert
 23639 | D:13     | Killed Rupert
 23640 | D:13     | Reached skill level 17 in Long Blades
 23960 | D:13     | Noticed Jorgrun
 23977 | D:13     | Killed Jorgrun
 23977 | D:13     | Received a gift from Okawaru
 23978 | D:13     | Reached skill level 15 in Armour
 24098 | D:13     | Reached XP level 15. HP: 138/138 MP: 18/18
 24522 | D:14     | Found a gate to the Vaults.
 24693 | D:14     | Cast into level 2 of the Abyss (a wizard)
 24694 | Abyss:2  | Found a corrupted altar of Lugonu.
 25163 | Abyss:2  | Noticed a black draconian knight
 25181 | Abyss:2  | Killed from afar by a black draconian knight

Illustrated notes

Levels and vault maps discovered:
D:1:      eino_arrival_tree_alley, layout_rooms, lemuel_flame_loot_1
D:2:      layout_basic, ebering_ecumenical_altar_mist
D:3:      layout_loops_corners
D:4:      layout_loops_corners, nicolae_ossuary_entry_monument, uniq_natasha,
          uniq_ijyb
D:5:      layout_basic, serial_shops, nicolae_take_the_stairs, hex_tiny,
          nicolae_elevator_lobby_plus
D:6:      layout_loops_corners, minmay_temple_entry_stoned_glass,
          gammafunk_ghost_icy
D:7:      layout_cave_pods, general_overflow_altar, serial_park,
          serial_park_fountain, serial_park_square2, serial_park_tiny_1,
          minmay_fractal_squares_diagonal_5
D:8:      layout_cave_pods, hangedman_decor_clover_reticule,
          kb_lookout_dungeons_type, uniq_maurice, uniq_erica
D:9:      layout_cave_pods, enter_bailey_5, minmay_door_square,
          kennysheep_kite_vault
D:10:     layout_small_grid, david_orc_5, uniq_joseph, uniq_grum, uniq_erolcha
D:11:     cheibrodos_barr_body, layout_basic, lair_entry_dummy, uniq_urug
D:12:     layout_basic, interstate_on_off
D:13:     layout_loops_corners, drop_trap, minmay_misc_feat_four_crosses,
          small_chamber_with_monster, uniq_rupert, uniq_frances, uniq_jorgrun
D:14:     layout_loops_cross, david_vaults_3, grunt_decor_one_mirror,
          beargit_elvish_explorers
Temple:   mainiacjoe_temple_trianglar_array
Lair:1:   layout_cave_pods, gammafunk_ghost_grave, nicolae_lair_lil_pond,
          nicolae_quartered_pool_little
Lair:2:   layout_gridlike, skrybe_swamp_entry_bodies,
          minmay_snake_entry_guardpost_small, ebering_ghost_disaster_area
Lair:3:   layout_cave_shapes, beast_lair_carwin_8
Lair:4:   layout_regular_city, grunt_megastairs_4, infiniplex_staircase_pool_2
Orc:1:    gammafunk_beogh_shrine, layout_caves, nicolae_orc_flooded_monolith
Orc:2:    grunt_orc_cross, layout_caves
Abyss:2:  base: D:14, hangedman_stitches_earthworm

Skill      XL: |  1  2  3  4  5  6  7  8  9 10 11 12 13 14 15 |
---------------+----------------------------------------------+-----
Long Blades    | 3 4 6 7 9 11 12 14 15 16 17 | 17.1
Armour         | 4 5 6 7 8 9 10 11 13 14 15 | 15.2
Shields        | 4 6 8 10 12 14 15 16 | 16.3
Fighting       | 4 5 6 7 8 10 11 13 14 | 14.4
Dodging        | 1 2 3 4 |  4.2
Throwing       | 1 2 |  2.8
Invocations    | 1 3 4 5 6 |  6.0
Evocations     | 1 2 |  2.5
Stealth        | 1 |  1.4

Action                   |  1- 3 |  4- 6 |  7- 9 | 10-12 | 13-15 || total
-------------------------+-------+-------+-------+-------+-------++-------
Melee: Long sword        |   111 |   163 |   283 |    48 |       ||   605
       Headbutt          |     5 |    26 |    64 |   125 |   197 ||   417
       Scimitar          |       |       |       |   488 |   879 ||  1367
Throw: Dart              |       |       |       |    15 |     2 ||    17
Invok: Heroism           |       |       |       |    25 |    42 ||    67
       Finesse           |       |       |       |       |     6 ||     6
Evoke: Wand              |       |     1 |       |     7 |    22 ||    30
       Condenser vane    |       |       |       |       |     3 ||     3
  Use: Scroll            |     5 |     1 |     9 |    14 |     3 ||    32
       Potion            |       |       |     1 |     3 |     3 ||     7
 Stab: Confused          |       |       |       |       |     5 ||     5
Armor: Scale mail        |    60 |    65 |     1 |       |       ||   126
       Chain mail        |       |       |   111 |    73 |       ||   184
       Crystal plate arm |       |       |       |   164 |   301 ||   465
Dodge: Dodged            |    53 |    62 |    86 |   139 |   218 ||   558
Block: Buckler           |    23 |    21 |   117 |   396 |   713 ||  1270
